 Dungeon Crawl Stone Soup version 0.29-a0-643-ga013cefcf8 (webtiles) character file.

Game seed: 18300897022941557109

199 spaghetti the Cleaver (level 5, 0/40 (43) HPs)
             Began as a Gnoll Wanderer on June 19, 2022.
             Was a Believer of Fedhas.
             Slain by a necrophage (3 damage)
             ... on level 4 of the Dungeon.
             The game lasted 00:05:09 (4135 turns).

spaghetti the Cleaver (Gnoll Wanderer)              Turns: 4135, Time: 00:05:09

HP:   0/40 (43)     AC:  4    Str: 14    XL:     5   Next: 77%
MP:   9/9           EV: 11    Int: 14    God:    Fedhas [**....]
Gold: 170           SH:  0    Dex:  8    Spells: 7/10 levels left

rFire   . . .      SeeInvis .   a - +3 mace {mace}
rCold   . . .      Faith    .   (no shield)
rNeg    . . .      Spirit   .   d - +0 leather armour
rPois   .          Reflect  .   (no helmet)
rElec   .          Harm     .   (no cloak)
rCorr   .          Rampage  .   (no gloves)
Will    .....                   n - +0 pair of boots
Stlth   +.........              s - amulet of the acrobat
HPRegen 0.13/turn               (no ring)
MPRegen 0.11/turn               (no ring)

@: drained
A: fangs 1, strong nose, distributed training
a: Renounce Religion, Wall of Briars


You were on level 4 of the Dungeon.
You worshipped Fedhas.
Fedhas was pleased with you.
You visited 1 branch of the dungeon, and saw 4 of its levels.

You collected 170 gold pieces.


Innate Abilities, Weirdness & Mutations

You have very sharp teeth.
Your uncanny sense of smell can sniff out nearby items.
Your experience applies equally to all skills.


   Skills:
 + Level 4.8 Fighting
 + Level 1.6 Short Blades
 + Level 1.6 Long Blades
 + Level 8.7 Axes
 + Level 4.8 Maces & Flails
 + Level 1.6 Polearms
 + Level 1.6 Staves
 + Level 1.6 Slings
 + Level 1.6 Bows
 + Level 1.6 Crossbows
 + Level 1.6 Throwing
 + Level 3.0 Armour
 + Level 1.6 Dodging
 + Level 1.6 Stealth
 + Level 1.6 Shields
 + Level 1.6 Unarmed Combat
 + Level 3.2 Spellcasting
 + Level 1.3 Conjurations
 + Level 1.3 Hexes
 + Level 1.3 Summonings
 + Level 1.3 Necromancy
 + Level 1.3 Translocations
 + Level 1.3 Transmutations
 + Level 1.3 Fire Magic
 + Level 1.3 Ice Magic
 + Level 1.3 Air Magic
 + Level 1.3 Earth Magic
 + Level 1.3 Poison Magic
 + Level 1.8 Invocations
 + Level 1.6 Evocations


You had 7 spell levels left.
You knew the following spells:

 Your Spells              Type           Power      Damage    Failure   Level
a - Call Canine Familiar  Summ           5%         N/A       41%         3

Your spell library contained the following spells:

 Spells                   Type           Power      Damage    Failure   Level
 Shock                    Conj/Air       20%        1d4       16%         1
 Portal Projectile        Hex/Tloc       10%        N/A       41%         3
 Swiftness                Air            5%         N/A       41%         3
 Airstrike                Air            2%         N/A       83%         4
 Leda's Liquefaction      Hex/Erth       2%         N/A       83%         4

Inventory:

Hand Weapons
 a - a +3 mace (weapon) {mace}
 b - a +0 hand axe {axe}
Missiles
 k - 24 stones (quivered) {throwing}
 t - 5 poisoned darts {throwing}
Armour
 d - a +0 leather armour (worn)
 n - a +0 pair of boots (worn)
   (You found it on level 2 of the Dungeon)
 v - a scarf of harm
   (You found it on level 3 of the Dungeon)
Magical Staves
 m - a staff of air {!astaff}
   (You found it on level 2 of the Dungeon)
Jewellery
 s - an amulet of the acrobat (around neck)
   (You found it on level 3 of the Dungeon)
Wands
 c - a wand of iceblast (3)
   (You found it on level 3 of the Dungeon)
Scrolls
 j - a scroll of teleportation {unknown}
 l - a scroll of immolation {unknown}
 q - a scroll of noise {unknown}
 u - a scroll of blinking {!r}
Potions
 e - 2 potions of attraction {unknown}
 f - 2 potions of flight {unknown}
 h - 2 potions of curing {unknown}
 o - a potion of degeneration {unknown}
 p - a potion of ambrosia {unknown}
 w - a potion of lignification {unknown}

Dungeon Overview and Level Annotations

Branches:
Dungeon (4/15) Zot: 19823
 Temple: D:4-7

Altars:
Elyvilon
Fedhas
Yredelemnul

.#.##.### #.##...........##.....
.#.##.# ##.##.######....#####.)
.#.##.# ##...#.#####..........n.
.#.##.####<.....)P.P......######.
.#.##...........#######.#.# .
.#.###...#.###.###### #.#.# .
.#.....#...# #.<....###.#.# .
#####...#.###.#n.......... .
##.##.....#@.###...... #
#.########....###....# #.#
#.)....###. #.# #.......$# #.#
#......###∆ .[. #....### .#.∆
#..### . . .... .##..


You could see a necrophage.


Message History

Unknown command.
You hit something. Something hits you. 😕 HP[-4]
You take 4 damage, and now have 35/43 hp.
Something misses you.
You hit something. The dart slug launches a dart at you.
The slug dart misses you. Something hits you but does no damage.
Unknown command.
Unknown command.
You feel less confused.
You hear some strange, mumbled words.
You are confused. 😕 HP[+1] Unknown command.
Something hits you. 😕 HP[-3]
You take 3 damage, and now have 33/43 hp.
You miss something. Your bite misses something.
You hear some strange, mumbled words.
A magic dart appears from out of thin air!
The magic dart hits you! 😮 HP[-8]
You take 8 damage, and now have 25/43 hp.
Unknown command.
Unknown command.
Something hits you. The dart slug launches a dart at you.
The slug dart misses you. 😮 HP[-2]
You take 2 damage, and now have 23/43 hp.
Unknown command.
Unknown command.
You thump the dart slug!
You kill the dart slug!
Fedhas appreciates your contribution to the ecosystem.
You hear some strange, mumbled words.
Something tries to affect you, but you resist.
You're too confused to move!
You feel less confused. Something hits you. 😮 HP[-1]
You take 1 damage, and now have 22/43 hp.
Unknown command.
You miss something. Something hits you.
* * * LOW HITPOINT WARNING * * *
😨 HP[-1]
You take 1 damage, and now have 21/43 hp.
You barely miss something. Something hits you but does no damage.
Something hits you.
* * * LOW HITPOINT WARNING * * *
😨 HP[-2]
You take 2 damage, and now have 19/43 hp.
Unknown command.
Unknown command.
You sock something!
Fedhas appreciates your contribution to the ecosystem.
Reactivating autopickup.
You feel a bit more experienced.
Things that are here:
a +0 dagger {short}; a +0 robe A necrophage is nearby!
A necrophage is nearby!
A necrophage is nearby!
A necrophage is nearby!
A necrophage is nearby!
You are too injured to fight recklessly! 😨 HP[+1]
You hit the necrophage. The necrophage barely misses you.
You hit the necrophage but do no damage.
The necrophage hits you.
* * * LOW HITPOINT WARNING * * *
You feel drained. 😨 HP[-4]
You now have 41 max hp (-2).
You take 4 damage, and now have 16/41 hp.
Unknown command.
You hit the necrophage.
You punch the necrophage, but do no damage.
You bite the necrophage, but do no damage.
The necrophage closely misses you.
You hit the necrophage.
You bite the necrophage, but do no damage.
The necrophage hits you but does no damage.
You barely miss the necrophage.
The necrophage hits you but does no damage.
You sock the necrophage! The necrophage hits you.
* * * LOW HITPOINT WARNING * * *
The necrophage closely misses you.
You barely miss the necrophage. The necrophage hits you.
* * * LOW HITPOINT WARNING * * *
😱 HP[-6]
You take 6 damage, and now have 10/41 hp.
Unknown command.
Unknown command.
You completely miss the necrophage. The necrophage hits you!
* * * LOW HITPOINT WARNING * * *
You feel drained.
You die...
Fedhas appreciates your contribution to the ecosystem.

Skill      XL: |  1  2  3  4  5 |
---------------+----------------+-----
Invocations    | 1 |  1.8
Short Blades   | 1 |  1.6
Long Blades    | 1 |  1.6
Polearms       | 1 |  1.6
Staves         | 1 |  1.6
Slings         | 1 |  1.6
Bows           | 1 |  1.6
Crossbows      | 1 |  1.6
Throwing       | 1 |  1.6
Dodging        | 1 |  1.6
Stealth        | 1 |  1.6
Shields        | 1 |  1.6
Unarmed Combat | 1 |  1.6
Evocations     | 1 |  1.6
Spellcasting   | 3 |  3.2
Conjurations   | 1 |  1.3
Hexes          | 1 |  1.3
Summonings     | 1 |  1.3
Necromancy     | 1 |  1.3
Translocations | 1 |  1.3
Transmutations | 1 |  1.3
Fire Magic     | 1 |  1.3
Ice Magic      | 1 |  1.3
Air Magic      | 1 |  1.3
Earth Magic    | 1 |  1.3
Poison Magic   | 1 |  1.3
Armour         | 3 |  3.0
Fighting       | |  4.8
Axes           | |  8.7
Maces & Flails | |  4.8

Action                   |  1- 3 |  4- 6 || total
-------------------------+-------+-------++-------
Melee: Mace              |   106 |    67 ||   173
       Bite              |     6 |     7 ||    13
       Punch             |     4 |     1 ||     5
Throw: Stone             |       |     1 ||     1
Invok: Wall of Briars    |     2 |     1 ||     3
Evoke: Wand              |       |     1 ||     1
  Use: Scroll            |     2 |     4 ||     6
       Potion            |     1 |       ||     1
 Stab: Sleeping          |       |     1 ||     1
Armor: Leather armour    |    45 |    17 ||    62
Dodge: Dodged            |    82 |    49 ||   131

Levels and vault maps discovered:
D:1:      dreamdust_arrival_sigmund_warning, layout_basic,
          shapermc_ecumenical_altar_acropolis
D:2:      layout_loops_cross, roderic_cross_of_infinity
D:3:      layout_basic, kennysheep_ying_yang, fedhas_altar_3,
          portal_sewer_entry_c, minmay_pentangle
D:4:      layout_loops_ring, gammafunk_ghost_arena, minmay_unequal, uniq_natasha

Notes
Turn   | Place    | Note
-------+----------+-------------------------------------------
     0 | D:1      | spaghetti the Gnoll Wanderer began the quest for the Orb.
     0 | D:1      | spaghetti set off with the following items: a +3 mace
                  | {mace}, a +0 hand axe {axe}, a potion of heal wounds {@q2},
                  | a +0 leather armour.
     0 | D:1      | Reached XP level 1. HP: 20/20 MP: 4/4
     0 | D:1      | magus.rc [v1.9.6]
    50 | D:1      | Found a faded altar of an unknown god.
    90 | D:1      | Prayed at the altar of an unknown god.
    90 | D:1      | Became a worshipper of Fedhas Madash
    90 | D:1      | Reached * piety under Fedhas
   138 | D:1      | Reached XP level 2. HP: 11/26 MP: 5/5
   885 | D:1      | You pick up a book of Air and begin reading...
   885 | D:1      | You add the spells Shock, Swiftness and Airstrike to your
                  | library.
  1135 | D:1      | Reached XP level 3. HP: 31/31 MP: 7/7
  1295 | D:1      | Reached ** piety under Fedhas
  1769 | D:2      | You pick up a book of the Hunter and begin reading...
  1769 | D:2      | You add the spells Call Canine Familiar, Portal Projectile
                  | and Leda's Liquefaction to your library.
  1774 | D:2      | Learned a level 3 spell: Call Canine Familiar
  2037 | D:2      | Reached skill level 1 in Invocations
  2215 | D:3      | Found a blossoming altar of Fedhas.
  2229 | D:3      | HP: 6/31 [goblin/sling bullet (5)]
  2497 | D:3      | Reached skill level 1 in Short Blades
  2497 | D:3      | Reached skill level 1 in Long Blades
  2497 | D:3      | Reached skill level 1 in Polearms
  2497 | D:3      | Reached skill level 1 in Staves
  2497 | D:3      | Reached skill level 1 in Slings
  2497 | D:3      | Reached skill level 1 in Bows
  2497 | D:3      | Reached skill level 1 in Crossbows
  2497 | D:3      | Reached skill level 1 in Throwing
  2497 | D:3      | Reached skill level 1 in Dodging
  2497 | D:3      | Reached skill level 1 in Stealth
  2497 | D:3      | Reached skill level 1 in Shields
  2497 | D:3      | Reached skill level 1 in Unarmed Combat
  2497 | D:3      | Reached skill level 1 in Evocations
  2591 | D:3      | Reached skill level 3 in Spellcasting
  2591 | D:3      | Reached XP level 4. HP: 14/38 MP: 4/8
  2856 | D:3      | Reached skill level 1 in Conjurations
  2856 | D:3      | Reached skill level 1 in Hexes
  2856 | D:3      | Reached skill level 1 in Summonings
  2856 | D:3      | Reached skill level 1 in Necromancy
  2856 | D:3      | Reached skill level 1 in Translocations
  2856 | D:3      | Reached skill level 1 in Transmutations
  2856 | D:3      | Reached skill level 1 in Fire Magic
  2856 | D:3      | Reached skill level 1 in Ice Magic
  2856 | D:3      | Reached skill level 1 in Air Magic
  2856 | D:3      | Reached skill level 1 in Earth Magic
  2856 | D:3      | Reached skill level 1 in Poison Magic
  3227 | D:3      | Reached XP level 5. HP: 33/43 MP: 9/9
  3529 | D:3      | Found a basalt altar of Yredelemnul.
  3690 | D:3      | Found a white marble altar of Elyvilon.
  3827 | D:4      | HP: 6/43 [gnoll/+0 spear (5)]
  3834 | D:4      | Reached skill level 3 in Armour
  4134 | D:4      | HP: 10/41 [necrophage (6)]
  4135 | D:4      | HP: 3/41 [necrophage (7)]
  4135 | D:4      | Slain by a necrophage

Vanquished Creatures
  An orc wizard (D:4)
  3 gnolls (D:4)
  2 adders (D:3)
  A white imp (D:3)
  A worm (D:3)
  3 dart slugs
  4 endoplasms
  4 giant cockroaches
  7 goblins
  7 hobgoblins
  2 jackals (D:4)
  3 quokkas
  8 ball pythons
  6 bats
  A frilled lizard (D:2)
  6 kobolds
  2 rats
61 creatures vanquished.

Vanquished Creatures (collateral kills)
  An orc priest (D:3)
  A gnoll (D:4)
  An adder (D:3)
  A ball python (D:3)
4 creatures vanquished.

Vanquished Creatures (others)
  A fungus (D:3)
  3 plants
4 creatures vanquished.

Grand Total: 69 creatures vanquished

Table legend:
 A = Non-vault XP
 B = Vault XP
 C = Vault XP percentage of total XP
 D = Non-vault monster count
 E = Vault monster count
 F = Vault count percentage of total count
                 A         B        C        D         E       F
            +---------+---------+-------+---------+---------+-------
      Total |     187 |      98 |  34.4 |      58 |       7 |  10.8
            +---------+---------+-------+---------+---------+-------
        D:1 |      39 |       0 |   0.0 |      21 |       0 |   0.0
        D:2 |      17 |       0 |   0.0 |      12 |       0 |   0.0
        D:3 |      61 |      62 |  50.4 |      14 |       6 |  30.0
        D:4 |      70 |      36 |  34.0 |      11 |       1 |   8.3
            +---------+---------+-------+---------+---------+-------

Illustrated notes

Table legend:
 A = Kills in this place as a percentage of kills in entire the game.
 B = Kills by you in this place as a percentage of kills by you in the entire game.
 C = Kills by friends in this place as a percentage of kills by friends in the entire game.
 D = Other kills in this place as a percentage of other kills in the entire game.
 E = Experience gained in this place as a percentage of experience gained in the entire game.
 F = Experience gained in this place divided by the number of levels of this place that you have seen.
                   A       B       C       D       E      F
               +-------+-------+-------+-------+-------+----------------------
         Total | 100.0 | 100.0 | 100.0 |   N/A | 100.0 |  71.2
       Dungeon | 100.0 | 100.0 | 100.0 |   N/A | 100.0 |  71.2
               +-------+-------+-------+-------+-------+----------------------

Table legend: (Time is in decaauts)
 A = Elapsed time spent in this place.
 B = Non-inter-level travel time spent in this place.
 C = Inter-level travel time spent in this place.
 D = Time resting spent in this place.
 E = Time spent auto-exploring this place.
 F = Levels seen in this place.
 G = Mean time per level.
                   A        B        C        D        E       F      G
               +--------+--------+--------+--------+--------+-----+--------+
         Total |   4175 |   4075 |    100 |    280 |   3290 |   4 | 1043.8 |
       Dungeon |   4175 |   4075 |    100 |    280 |   3290 |   4 | 1043.8 |
               +--------+--------+--------+--------+--------+-----+--------+

Top non-repeatable levels by time:
     D:3: 1753 daAuts
     D:1: 1451 daAuts
     D:2: 783 daAuts
     D:4: 187 daAuts
